PUBA
JOHN'S ISLAND SOD POODLES @ MOTLEY CRUE
07/20/1972
 
TOP OF THE 1ST
John's Island Sod Poodles batting - Pitching for Motley Crue : RHP Rich Hand
Pitching: RHP Rich Hand
Batting: RHB Matt Bower 0-0: Called Strike
0-1: Called Strike
0-2: Fly out, F8 (Flyball, 8LM, EV 85.0 MPH)
Batting: LHB John Milner 0-0: Fly out, F9 (Flyball, 9LM, EV 95.6 MPH)
Batting: RHB Steve Palmer 0-0: Ball
1-0: SINGLE (Groundball, 6MD, EV 93.8 MPH)
Batting: RHB Tom Price 0-0: Called Strike
0-1: Ball
1-1: Called Strike
1-2: Strikes out swinging
Top of the 1st over - 0 runs, 1 hit, 0 errors, 1 left on base; John's Island 0 - Motley 0
BOTTOM OF THE 1ST
Motley Crue batting - Pitching for John's Island Sod Poodles : LHP Dan Rogers
Pitching: LHP Dan Rogers
Batting: LHB Diego San Agustin 0-0: Ball
1-0: Swinging Strike
1-1: Ball
2-1: Swinging Strike
2-2: Foul Ball, location: 25F
2-2: Strikes out swinging
Batting: RHB Ted Martinez 0-0: Fly out, F8 (Flyball, 8RD, EV 95.0 MPH)
Batting: RHB Richie Zisk 0-0: Ball
1-0: Hit by Pitch
Batting: RHB Denny Jackson 0-0: Foul Ball, location: 2F
0-1: Called Strike
0-2: Foul Ball, location: 23F
0-2: Ball
1-2: Ball
2-2: Foul Ball, location: 7LMF
2-2: Strikes out swinging
Bottom of the 1st over - 0 runs, 0 hits, 0 errors, 1 left on base; John's Island 0 - Motley 0
TOP OF THE 2ND
John's Island Sod Poodles batting - Pitching for Motley Crue : RHP Rich Hand
Batting: RHB Adam Wright 0-0: Called Strike
0-1: Ball
1-1: Swinging Strike
1-2: Ground out 6-3 (Groundball, 6, EV 89.4 MPH)
Batting: RHB Bento Sardinheiro 0-0: Foul Ball, location: 7LSF
0-1: Foul Ball, location: 25F
0-2: Ball
1-2: Strikes out swinging
Batting: RHB Bill Oglethorpe 0-0: Called Strike
0-1: Foul Ball, location: 2F
0-2: SINGLE (Groundball, 56D, EV 96.3 MPH)
Batting: RHB Craig Leslie 0-0: Called Strike
0-1: Ball
1-1: Ball
2-1: Ball
3-1: Base on Balls
Bill Oglethorpe to second
Batting: RHB Santiago Marino 0-0: Ball
1-0: Called Strike
1-1: Called Strike
1-2: Ball
2-2: Ball
3-2: Strikes out swinging
Top of the 2nd over - 0 runs, 1 hit, 0 errors, 2 left on base; John's Island 0 - Motley 0
BOTTOM OF THE 2ND
Motley Crue batting - Pitching for John's Island Sod Poodles : LHP Dan Rogers
Batting: RHB Mike Anderson 0-0: Foul Ball, location: 9LMF
0-1: Fly out, F9 (Flyball, 9S, EV 89.4 MPH)
Batting: SHB Brent Boyd 0-0: Foul Ball, location: 2F
0-1: Swinging Strike
0-2: Hit by Pitch
Batting: RHB Ed MacGregor 0-0: Ball
1-0: Foul Ball, location: 2F
1-1: Foul Ball, location: 25F
1-2: Ground out 4-3 (Groundball, 34S, EV 88.1 MPH)
Brent Boyd to second
Batting: RHB Jason Terry 0-0: Ball
1-0: Ball
2-0: Called Strike
2-1: Ball
3-1: Foul Ball, location: 5F
3-2: Foul Ball, location: 2F
3-2: Fly out, F9 (Line Drive, 9, EV 98.8 MPH)
Bottom of the 2nd over - 0 runs, 0 hits, 0 errors, 1 left on base; John's Island 0 - Motley 0
TOP OF THE 3RD
John's Island Sod Poodles batting - Pitching for Motley Crue : RHP Rich Hand
Batting: RHB Matt Bower 0-0: Called Strike
0-1: Ball
1-1: Ball
2-1: Ground out 4-3 (Groundball, 4, EV 82.5 MPH)
Batting: LHB John Milner 0-0: Foul Ball, location: 2F
0-1: Ball
1-1: Ball
2-1: Foul Ball, location: 2F
2-2: Foul Ball, location: 2F
2-2: Strikes out looking
Batting: RHB Steve Palmer 0-0: Foul Ball, location: 2F
0-1: Swinging Strike
0-2: Foul Ball, location: 2F
0-2: Foul Ball, location: 5F
0-2: Ball
1-2: SOLO HOME RUN (Flyball, 7D, EV 99.4 MPH), Distance : 395 ft
Batting: RHB Tom Price 0-0: SOLO HOME RUN (Flyball, 7D, EV 98.8 MPH), Distance : 379 ft
Batting: RHB Adam Wright 0-0: Ball
1-0: Ball
2-0: Ball
3-0: Base on Balls
Batting: RHB Bento Sardinheiro 0-0: Ball
1-0: Ball
2-0: Called Strike
2-1: DOUBLE (Line Drive, 8RXD, EV 97.5 MPH)
Adam Wright to third
Runner from 3rd tries for Home, SAFE, no throw by CF
Batting: RHB Bill Oglethorpe 0-0: Ball
1-0: Fly out, F3 (Popup, 34S, EV 83.8 MPH)
Top of the 3rd over - 3 runs, 3 hits, 0 errors, 1 left on base; John's Island 3 - Motley 0
BOTTOM OF THE 3RD
Motley Crue batting - Pitching for John's Island Sod Poodles : LHP Dan Rogers
Batting: RHB Mike Taylor 0-0: Ball
1-0: Ball
2-0: Ball
3-0: Called Strike
3-1: Ground out 1-3 (Groundball, 15S, EV 60.0 MPH)
Batting: LHB Diego San Agustin 0-0: Ball
1-0: Ball
2-0: Ball
3-0: Base on Balls
Batting: RHB Ted Martinez 0-0: Foul Ball, location: 5SF
0-1: Ball
1-1: SINGLE (Groundball, 6MS, EV 70.0 MPH) (infield hit)
Diego San Agustin to second
Batting: RHB Richie Zisk 0-0: Ball
1-0: Foul Ball, location: 9LSF
1-1: Swinging Strike
1-2: Hit by Pitch
Diego San Agustin to third
Ted Martinez to second
Batting: RHB Denny Jackson 0-0: Called Strike
0-1: Ball
1-1: Swinging Strike
1-2: Foul Ball, location: 25F
1-2: Foul Ball, location: 2F
1-2: Fielders Choice at 2nd, 6-4 (Groundball, 6, EV 89.4 MPH)
Diego San Agustin scores
Ted Martinez to third
Batting: RHB Mike Anderson 0-0: Ball
1-0: Foul Ball, location: 2F
1-1: Foul Ball, location: 2F
1-2: Ball
2-2: SINGLE (Groundball, 6MD, EV 102.5 MPH)
Ted Martinez scores
Denny Jackson to second
Runner from 2nd tries for 3rd, SAFE, throw by CF made to third
Batting: SHB Brent Boyd 0-0: Foul Ball, location: 2F
0-1: Foul Ball, location: 9LMF
0-2: Foul Ball, location: 3SF
0-2: Ball
1-2: Foul Ball, location: 2F
1-2: Strikes out swinging
Bottom of the 3rd over - 2 runs, 2 hits, 0 errors, 2 left on base; John's Island 3 - Motley 2
TOP OF THE 4TH
John's Island Sod Poodles batting - Pitching for Motley Crue : RHP Rich Hand
Batting: RHB Craig Leslie 0-0: Ball
1-0: Ball
2-0: Ground out 6-3 (Groundball, 6, EV 85.0 MPH)
Batting: RHB Santiago Marino 0-0: Called Strike
0-1: Ball
1-1: Ball
2-1: Foul Ball, location: 2F
2-2: Foul Ball, location: 23F
2-2: Foul Ball, location: 9LMF
2-2: Foul Ball, location: 5DF
2-2: Ground out 5-3 (Groundball, 5S, EV 62.5 MPH)
Batting: RHB Matt Bower 0-0: Ball
1-0: Ground out U3 (Groundball, 34, EV 78.8 MPH)
Top of the 4th over - 0 runs, 0 hits, 0 errors, 0 left on base; John's Island 3 - Motley 2
BOTTOM OF THE 4TH
Motley Crue batting - Pitching for John's Island Sod Poodles : LHP Dan Rogers
Batting: RHB Ed MacGregor 0-0: SINGLE (Groundball, 6MD, EV 104.4 MPH)
Batting: RHB Jason Terry 0-0: Ball
1-0: Called Strike
1-1: Foul Ball, location: 2F
1-2: Strikes out swinging
Batting: RHB Mike Taylor 0-0: Ball
1-0: Grounds into double play, 4-6-3 (Groundball, 4, EV 106.9 MPH)
Bottom of the 4th over - 0 runs, 1 hit, 0 errors, 0 left on base; John's Island 3 - Motley 2
TOP OF THE 5TH
John's Island Sod Poodles batting - Pitching for Motley Crue : RHP Rich Hand
Batting: LHB John Milner 0-0: Ball
1-0: Called Strike
1-1: Swinging Strike
1-2: Ball
2-2: Strikes out swinging
Batting: RHB Steve Palmer 0-0: Called Strike
0-1: Swinging Strike
0-2: Ball
1-2: Strikes out swinging
Batting: RHB Tom Price 0-0: SINGLE (Line Drive, 89M, EV 101.9 MPH)
Batting: RHB Adam Wright 0-0: Ball
1-0: Ball
2-0: Called Strike
2-1: Called Strike
2-2: Strikes out swinging
Top of the 5th over - 0 runs, 1 hit, 0 errors, 1 left on base; John's Island 3 - Motley 2
BOTTOM OF THE 5TH
Motley Crue batting - Pitching for John's Island Sod Poodles : LHP Dan Rogers
Batting: LHB Diego San Agustin 0-0: Called Strike
0-1: Ball
1-1: Ball
2-1: Ball
3-1: Base on Balls
Batting: RHB Ted Martinez 0-0: Sac Bunt to 25 - play at first, batter OUT! 5-3
Diego San Agustin to second
Batting: RHB Richie Zisk 0-0: Ball
1-0: Swinging Strike
1-1: Called Strike
1-2: SINGLE (Groundball, 56D, EV 108.8 MPH)
Diego San Agustin to third
Batting: RHB Denny Jackson 0-0: Called Strike
0-1: Called Strike
0-2: Ball
1-2: Ball
2-2: Strikes out swinging
Batting: RHB Mike Anderson 0-0: Called Strike
0-1: Ball
1-1: Ball
2-1: Foul Ball, location: 2F
2-2: Foul Ball, location: 2F
2-2: Ball
3-2: Fly out, F6 (Popup, P, EV 82.5 MPH)
Bottom of the 5th over - 0 runs, 1 hit, 0 errors, 2 left on base; John's Island 3 - Motley 2
TOP OF THE 6TH
John's Island Sod Poodles batting - Pitching for Motley Crue : RHP Rich Hand
Batting: RHB Bento Sardinheiro 0-0: Ball
1-0: SINGLE (Line Drive, 56, EV 95.6 MPH)
Batting: RHB Bill Oglethorpe 0-0: Ball
Bento Sardinheiro steals 2nd base
1-0: Ball
2-0: Foul Ball, location: 2F
2-1: SINGLE (Groundball, 6MD, EV 104.4 MPH)
Bento Sardinheiro to third
Runner from 3rd tries for Home, throw by CF and OUT! 8-2
Batting: RHB Craig Leslie 0-0: Ball
1-0: Grounds into double play, 4-6-3 (Groundball, 4, EV 79.4 MPH)
Top of the 6th over - 0 runs, 2 hits, 0 errors, 0 left on base; John's Island 3 - Motley 2
BOTTOM OF THE 6TH
Motley Crue batting - Pitching for John's Island Sod Poodles : LHP Dan Rogers
Batting: SHB Brent Boyd 0-0: Called Strike
0-1: Hit by Pitch
Batting: RHB Ed MacGregor 0-0: Ball
1-0: Swinging Strike
1-1: Swinging Strike
1-2: Ball
2-2: 2-RUN HOME RUN (Flyball, 7D, EV 95.6 MPH), Distance : 381 ft
Batting: RHB Jason Terry 0-0: Foul Ball, location: 9LMF
0-1: Foul Ball, location: 2F
0-2: Ball
1-2: Ball
2-2: Strikes out swinging
Batting: RHB Mike Taylor 0-0: Hit by Pitch
Batting: LHB Diego San Agustin 0-0: Ball
1-0: Called Strike
1-1: Swinging Strike
1-2: Ball
2-2: Foul Ball, location: 2F
2-2: Foul Ball, location: 3F
2-2: Strikes out swinging
Pitching: RHP Greg Washburn
Batting: RHB Ted Martinez 0-0: Ball
1-0: Ball
2-0: Ball
3-0: Called Strike
3-1: Called Strike
3-2: Ground out 1-3 (Groundball, 23, EV 65.6 MPH)
Bottom of the 6th over - 2 runs, 1 hit, 0 errors, 1 left on base; John's Island 3 - Motley 4
TOP OF THE 7TH
John's Island Sod Poodles batting - Pitching for Motley Crue : RHP Rich Hand
Pinch Hitting: RHB John Thompson 0-0: Called Strike
0-1: Ground out 5-3 (Groundball, 56, EV 88.8 MPH)
Batting: RHB Matt Bower 0-0: Foul Ball, location: 2F
0-1: Ground out 4-3 (Groundball, 4, EV 78.1 MPH)
Batting: LHB John Milner 0-0: Ball
1-0: Ball
2-0: Called Strike
2-1: Fly out, F9 (Flyball, 9, EV 82.5 MPH)
Top of the 7th over - 0 runs, 0 hits, 0 errors, 0 left on base; John's Island 3 - Motley 4
BOTTOM OF THE 7TH
Motley Crue batting - Pitching for John's Island Sod Poodles : RHP Greg Washburn
Now in CF: Yoritoki Oike
Batting: RHB Richie Zisk 0-0: Ball
1-0: Fly out, F7 (Line Drive, 7D, EV 95.0 MPH)
Batting: RHB Denny Jackson 0-0: Foul Ball, location: 9LMF
0-1: Ground out 5-3 (Groundball, 56, EV 90.6 MPH)
Batting: RHB Mike Anderson 0-0: Ball
1-0: Fly out, F8 (Flyball, 8RM, EV 92.5 MPH)
Bottom of the 7th over - 0 runs, 0 hits, 0 errors, 0 left on base; John's Island 3 - Motley 4
TOP OF THE 8TH
John's Island Sod Poodles batting - Pitching for Motley Crue : RHP Rich Hand
Batting: RHB Steve Palmer 0-0: Ball
1-0: Foul Ball, location: 2F
1-1: Swinging Strike
1-2: Strikes out swinging
Pinch Hitting: LHB Austin Williams 0-0: Called Strike
0-1: Ball
1-1: Ball
2-1: Ball
3-1: SINGLE (Groundball, 56D, EV 105.0 MPH)
Pitching: RHP José Ramírez
Batting: RHB Adam Wright 0-0: Ball
1-0: Foul Ball, location: 3F
1-1: Swinging Strike
1-2: Strikes out swinging
Batting: RHB Bento Sardinheiro 0-0: Ball
1-0: Swinging Strike
1-1: Swinging Strike
1-2: Fly out, F9 (Flyball, 9, EV 83.1 MPH)
Top of the 8th over - 0 runs, 1 hit, 0 errors, 1 left on base; John's Island 3 - Motley 4
BOTTOM OF THE 8TH
Motley Crue batting - Pitching for John's Island Sod Poodles : RHP Greg Washburn
Now at 1B: David Payne
Batting: SHB Brent Boyd 0-0: Hit by Pitch
Batting: RHB Ed MacGregor 0-0: Bunt missed!
0-1: Ball
1-1: Swinging Strike
1-2: Ball
2-2: Fly out, F8 (Flyball, 8RM, EV 97.5 MPH)
Batting: LHB Hal Scott 0-0: Ball
1-0: Called Strike
1-1: Ball
2-1: SINGLE (Groundball, 6MD, EV 106.9 MPH)
Brent Boyd to second
Runner from 2nd tries for 3rd, SAFE, throw by CF made to third
Batting: RHB Mike Taylor 0-0: Ball
Passed Ball!
Brent Boyd scores
Hal Scott to second
1-0: Ball
2-0: Ball
3-0: Base on Balls
Pitching: RHP Chris Davis
Batting: LHB Diego San Agustin 0-0: Called Strike
0-1: Ball
1-1: Called Strike
1-2: Foul Ball, location: 2F
1-2: Ball
2-2: Ball
3-2: SINGLE (Line Drive, 78D, EV 108.1 MPH)
Hal Scott to third
Mike Taylor to second
Runner from 3rd tries for Home, SAFE, throw by LF to home
Batting: RHB Ted Martinez 0-0: Grounds into double play, 5-4-3 (Groundball, 5, EV 87.5 MPH)
Bottom of the 8th over - 2 runs, 2 hits, 0 errors, 1 left on base; John's Island 3 - Motley 6
TOP OF THE 9TH
John's Island Sod Poodles batting - Pitching for Motley Crue : RHP José Ramírez
Batting: RHB Bill Oglethorpe 0-0: Ball
1-0: Called Strike
1-1: Ball
2-1: Foul Ball, location: 5SF
2-2: Foul Ball, location: 3FF
2-2: Ball
3-2: Fly out, F8 (Flyball, 8RD, EV 95.0 MPH)
Pinch Hitting: RHB John Paul 0-0: Foul Ball, location: 9LDF
0-1: Ball
1-1: Ball
2-1: Ball
3-1: Swinging Strike
3-2: Strikes out looking
Pinch Hitting: RHB Jim Ewing 0-0: Ball
1-0: Ball
2-0: SINGLE (Line Drive, 8LS, EV 102.5 MPH)
Batting: RHB Matt Bower 0-0: Ball
1-0: Swinging Strike
1-1: Ball
2-1: Swinging Strike
2-2: Foul Ball, location: 2F
2-2: Ball
3-2: Foul Ball, location: 2F
3-2: Base on Balls
Jim Ewing to second
Batting: LHB John Milner 0-0: Called Strike
0-1: Called Strike
0-2: Ball
1-2: Foul Ball, location: 2F
1-2: Ball
2-2: Ball
3-2: Foul Ball, location: 23F
3-2: Strikes out swinging
Top of the 9th over - 0 runs, 1 hit, 0 errors, 2 left on base; John's Island 3 - Motley 6
Thursday, April 11th , 2024 - OOTP Baseball 24.8 Build 75